 Dungeon Crawl Stone Soup version 0.32-a0-818-gb728d0252e (webtiles) character file.

Game seed: 3217718727001243911

2256 Alarak the Spear-Bearer (level 9, -7/71 (73) HPs)
             Began as a Merfolk Gladiator on Mar 25, 2024.
             Was an Initiate of Ashenzari.
             Killed from afar by Jeremiah (25 damage)
             ... with a bolt of acid
             ... on level 7 of the Dungeon.
             The game lasted 00:19:36 (6177 turns).

Alarak the Spear-Bearer (Merfolk Gladiator)         Turns: 6177, Time: 00:19:37

HP:   -7/71 (73)    AC:  8    Str: 18    XL:     9   Next: 37%
MP:   9/9           EV: 18    Int:  7    God:    Ashenzari [......]
Gold: 198           SH:  0    Dex: 16    Spells: 8/8 levels left

rFire   . . .        m - +2 trident (heavy)
rCold   . . .        (no shield)
rNeg    + . .        s - +0 ring mail
rPois   .            c - +1 helmet
rElec   .            (no cloak)
rCorr   .            (no gloves)
SInv    .            r - +0 pair of boots
Will    .....        (no amulet)
Stlth   ++           f - ring of positive energy
HPRegen 0.31/turn    p - ring of the Unyielding Gaze {EV+5, Fort, Self} (curse)
MPRegen 0.11/turn

%: no passive effects
@: lightly drained
A: (nimble swimmer 2), mertail
a: Renounce Religion, Shatter the Chains


You were on level 7 of the Dungeon.
You worshipped Ashenzari.
Ashenzari was noncommittal.
You visited 1 branch of the dungeon, and saw 7 of its levels.

You collected 198 gold pieces.

Inventory:

Hand Weapons
 a - a +0 trident
 m - a +2 heavy trident (weapon)
 n - the +11 sling of Exquisite Torment {heavy, rCorr Stlth+}
   (You found it on level 2 of the Dungeon)

   rCorr:     It protects you from acid and corrosion.
   Stlth+:    It makes you more stealthy.
Missiles
 d - 3 throwing nets (quivered)
 e - a javelin
 y - 7 curare-tipped darts
 D - 9 poisoned darts
Armour
 b - a +0 leather armour
 c - a +1 helmet (worn)
 r - a +0 pair of boots (worn)
 s - a +0 ring mail (worn)
Jewellery
 f - a ring of positive energy (left hand)
 g - a +6 ring of intelligence
 k - a ring of fire
 p - the cursed ring of the Unyielding Gaze (right hand) {EV+5, Fort, Self}
   (You found it on level 3 of the Dungeon)

   [ring of evasion]

   EV+5:      It affects your evasion (+5).
   It has a curse which improves the following skills: Fortitude: Armour and
   Shields.
   Introspection: Fighting and Spellcasting.
Wands
 B - a wand of polymorph (11)
Scrolls
 l - a scroll of enchant armour
 q - 2 scrolls of teleportation
 x - a scroll of blinking
 z - a scroll of torment {unknown}
 A - a scroll of identify
Potions
 h - 2 potions of lignification
 i - a potion of mutation
 j - a potion of degeneration {unknown}
 o - a potion of brilliance
 t - a potion of magic {unknown}
 u - a potion of invisibility {unknown}
 w - a potion of attraction {unknown}
 C - a potion of resistance {unknown}


   Skills:
 - Level 7.2(7.6) Fighting
 + Level 11.5 Polearms
 - Level 2.0 Throwing
 - Level 7.1 Dodging
 - Level 5.0 Stealth


You had 8 spell levels left.
You didn't know any spells.
Your spell library contained the following spells:

 Spells                   Type           Power      Damage    Failure   Level
 Foxfire                  Conj/Fire      0%         2x1d4     63%         1
 Cigotuvi's Dreadful Rot  Necr/Alch/Air  0%         N/A       77%         2
 Mercury Vapours          Alch/Air       0%         N/A       77%         2
 Mephitic Cloud           Conj/Alch/Air  0%         N/A       94%         3
 Dispel Undead            Necr           0%         3d6       100%        4
 Martyr's Knell           Necr/Summ      0%         N/A       100%        4
 Freezing Cloud           Conj/Ice/Air   0%         6-21      100%        5
 Plasma Beam              Fire/Air       0%         2x1d10    100%        6
 Starburst                Conj/Fire      0%         6d3       100%        6


Dungeon Overview and Level Annotations

Branches:
Dungeon (7/15)             Temple (0/1) D:6

Altars:
Ashenzari
Cheibriados
Dithmenos
Makhleb
Xom

Shops:
D:1 [   D:3 ([[((   D:4 =

Annotations:
D:6 2 runed translucent doors, starts1789's ghost, novice MfIE
D:7 Jeremiah


Innate Abilities, Weirdness & Mutations

((You are very nimble when in or above water. (Stealth+, EV+, Speed+++)))
Your lower body shifts to a powerful aquatic tail in water.


Message History

Aim: Jeremiah, wielding a +2 trident of draining, wearing a +0 robe, wearing an orb of energy and carrying a wand of acid (moderately wounded, covered in acid, 64% to hit)
The bolt of acid hits Jeremiah!
Jeremiah seems to be corroded for longer.
Jeremiah is heavily wounded.
The bolt of acid hits the butterfly!
You kill the butterfly!
The butterfly disappears in a burst of colours!
Jeremiah hops!
You miss the butterfly.
Aiming: Corrosive Bolt
Press: ? - help, Shift-Dir - straight line, f/p - Jeremiah
Aim: Jeremiah, wielding a +2 trident of draining, wearing a +0 robe, wearing an orb of energy and carrying a wand of acid (heavily wounded, covered in acid, 64% to hit)
The bolt of acid misses the butterfly. x2; The bolt of acid hits Jeremiah!
Jeremiah seems to be corroded for longer.
Jeremiah is almost dead.
The now-empty wand crumbles to dust.
Okay, then.
Okay, then.
The butterfly disappears in a burst of colours!
The butterfly disappears in a burst of colours!
The butterfly disappears in a burst of colours!
You puncture Jeremiah!
Jeremiah is almost dead.
The butterfly disappears in a burst of colours!
Jeremiah hits you with a +2 trident of draining.
* * * LOW HITPOINT WARNING * * *
You partially resist.
You feel drained.
* * * LOW HITPOINT WARNING * * *
You barely miss Jeremiah.
Jeremiah is almost dead.
Jeremiah zaps a wand.
The bolt of acid misses you.
The bolt of acid hits the butterfly!
The acid corrodes the butterfly!
The butterfly dies!
The butterfly disappears in a burst of colours!
You barely miss Jeremiah.
Jeremiah is almost dead.
The butterfly disappears in a burst of colours!
Jeremiah zaps a wand.
The bolt of acid hits you!!
You die...
Jeremiah says, "O terrible one, your will is done."

............
.................
b..............>.....
.......... ##.....<..
...b.....###.........
#...F ....#..........
#...###....#........
###Fbb....#......##
#.@b.........#...#
#..b.#...#...##.##
#.....##.###.#####
##.....### ###
#......# ##..>.##
#.#### ###


You could see Jeremiah (corroded).

Vanquished Creatures
  2 water moccasins (D:6)
  A black bear (D:5)
  An ice beast (D:5)
  5 ogres
  A phantom (D:2)
  2 kobold brigands
  A bullfrog (D:5)
  3 scorpions
  4 killer bees (D:6)
  2 howler monkeys
  2 jellies
  An orc priest (D:5)
  A bombardier beetle (D:4)
  5 hounds
  8 orc wizards
  8 gnolls (D:5)
  5 adders
  2 shadow imps (D:6)
  5 dart slugs
  3 ribbon worms
  16 orcs
  12 ball pythons
  8 endoplasms
  6 giant cockroaches
  15 goblins
  7 hobgoblins
  11 jackals
  2 quokkas (D:2)
  3 bats
  3 frilled lizards
  19 kobolds
  7 rats
171 creatures vanquished.

Notes
Turn   | Place    | Note
-------+----------+-------------------------------------------
     0 | D:1      | Alarak the Merfolk Gladiator began the quest for the Orb.
     0 | D:1      | Reached XP level 1. HP: 16/16 MP: 1/1
    53 | D:1      | Found Unnapess's Antique Armour Shop.
   118 | D:1      | Reached XP level 2. HP: 19/22 MP: 2/2
   220 | D:1      | Reached skill level 5 in Polearms
   366 | D:1      | Reached XP level 3. HP: 27/27 MP: 3/3
  1057 | D:2      | Reached skill level 6 in Polearms
  1110 | D:2      | Reached XP level 4. HP: 33/33 MP: 4/4
  1111 | D:2      | Noticed a phantom
  1124 | D:2      | Killed a phantom
  1125 | D:2      | Reached skill level 7 in Polearms
  1125 | D:2      | Reached XP level 5. HP: 25/38 MP: 5/5
  1223 | D:2      | You fall into a shaft and drop 1 floor!
  1223 | D:3      | Found Kueteiwn's Armour Shoppe.
  1279 | D:3      | Found Qaynopig's Weapon Shoppe.
  1409 | D:3      | Found Rafoirgho's Armour Shop.
  1412 | D:3      | Found Jouseif's Weapon Boutique.
  1558 | D:2      | Found a shimmering altar of Xom.
  1717 | D:2      | Identified the +11 sling of Exquisite Torment {heavy, rCorr
                  | Stlth+}
  2172 | D:2      | Reached skill level 8 in Polearms
  2527 | D:3      | Noticed an ogre
  2693 | D:3      | Found Yxaf's Antique Weapon Shop.
  2800 | D:3      | Killed an ogre
  2801 | D:3      | Reached XP level 6. HP: 44/44 MP: 6/6
  3153 | D:4      | Found Badodin's Jewellery Emporium.
  3213 | D:4      | Found a snail-covered altar of Cheibriados.
  3213 | D:4      | Found a burning altar of Makhleb.
  3238 | D:4      | Reached XP level 7. HP: 55/55 MP: 7/7
  3390 | D:4      | Reached skill level 5 in Fighting
  3519 | D:5      | Entered Level 5 of the Dungeon
  3809 | D:5      | Reached XP level 8. HP: 35/67 MP: 8/8
  3975 | D:5      | Reached skill level 5 in Dodging
  4204 | D:5      | Reached skill level 9 in Polearms
  4294 | D:5      | Found a broken altar of Ashenzari.
  4294 | D:5      | Found a shadowy altar of Dithmenos.
  4298 | D:5      | Became a worshipper of Ashenzari the Shackled
  4582 | D:6      | Reached skill level 10 in Polearms
  4605 | D:6      | Reached skill level 1 in Stealth
  4652 | D:6      | Found a staircase to the Ecumenical Temple.
  4840 | D:6      | Reached XP level 9. HP: 63/72 MP: 9/9
  4843 | D:6      | Reached skill level 5 in Stealth
  5096 | D:6      | Found a runed translucent door.
  5124 | D:6      | Found a runed translucent door.
  5125 | D:6      | Noticed starts1789's ghost (novice MfIE)
  5470 | D:6      | Reached skill level 11 in Polearms
  6161 | D:7      | Noticed Jeremiah
  6177 | D:7      | Killed from afar by Jeremiah

Illustrated notes

Levels and vault maps discovered:
D:1:      dpeg_arrival_rooms_with_view, layout_loops_corners, serial_rivers,
          chequers_serial_rivers_room_a, chequers_serial_rivers_micro_b,
          chequers_serial_rivers_micro_a, chequers_serial_rivers_room_a,
          serial_shops, nicolae_shop_behind_doors
D:2:      layout_basic, basic_altar, serial_bayou, serial_bayou_ford_a,
          serial_bayou_pond_e, serial_bayou_pond_a, serial_bayou_lake_a
D:3:      layout_loops_ring, serial_shops, shop, nicolae_shop_gibbet_a_chance,
          shop, nicolae_shop_real_fake_doors, shop, minmay_ogre_servants
D:4:      layout_rooms, chequers_temple_overflow_statue_of_worship,
          serial_shops, nicolae_shop_tiny_waterfront
D:5:      layout_basic, gammafunk_temple_overflow_wave, grunt_ministairs_10,
          nrook_pool_corridor, hex_intersection
D:6:      minmay_flawed_box, layout_layer_cave, minmay_temple_entry_grid,
          ebering_ghost_sewer_f, serial_bayou_pond_e
D:7:      layout_cave_pools, uniq_jeremiah

Skill      XL: |  1  2  3  4  5  6  7  8  9 |
---------------+----------------------------+-----
Polearms       | 5 6 7 8 10 11 | 11.5
Fighting       | 4 7 |  7.2
Dodging        | 7 |  7.1
Stealth        | 4 5 |  5.0
Throwing       | |  2.0

Action                     |  1- 3 |  4- 6 |  7- 9 || total
---------------------------+-------+-------+-------++-------
  Melee: Trident           |   114 |    67 |    52 ||   233
         Tailslap          |     2 |       |       ||     2
   Fire: Sling             |       |    55 |   150 ||   205
 Invoke: Curse Item        |       |       |     1 ||     1
  Evoke: Wand              |       |       |     3 ||     3
    Use: Scroll            |       |     7 |     3 ||    10
   Stab: Sleeping          |     4 |       |     1 ||     5
 Armour: Leather armour    |    34 |    39 |    83 ||   156
         Ring mail         |       |       |    48 ||    48
  Dodge: Dodged            |    48 |    58 |   243 ||   349

Table legend: (Time is in decaauts)
 A = Elapsed time spent in this place.
 B = Non-inter-level travel time spent in this place.
 C = Inter-level travel time spent in this place.
 D = Time resting spent in this place.
 E = Time spent auto-exploring this place.
 F = Levels seen in this place.
 G = Mean time per level.
                   A        B        C        D        E       F      G
               +--------+--------+--------+--------+--------+-----+--------+
         Total |   6370 |   5733 |    637 |    699 |   3926 |   7 |  910.0 |
       Dungeon |   6370 |   5733 |    637 |    699 |   3926 |   7 |  910.0 |
               +--------+--------+--------+--------+--------+-----+--------+

Top non-repeatable levels by time:
     D:6: 1600 daAuts
     D:2: 1114 daAuts
     D:5: 978 daAuts
     D:1: 961 daAuts
     D:4: 894 daAuts
     D:3: 788 daAuts
     D:7: 32 daAuts
